 Dungeon Crawl Stone Soup version 0.21-a0-1-gaf3b9a5 (webtiles) character file.

114 Gorglomux the Skirmisher (level 4, -7/39 HPs)
             Began as a Barachi Fighter on May 20, 2017.
             Killed by nerve-wracking pain
             ... invoked by an orc priest
              (14 damage)
             ... on level 3 of the Dungeon.
             The game lasted 00:02:06 (1736 turns).

Gorglomux the Skirmisher (Barachi Fighter)          Turns: 1736, Time: 00:02:07

Health: -7/39      AC:  6    Str: 18    XL:     4   Next: 98%
Magic:  4/4        EV:  7    Int:  8    God:
Gold:   121        SH:  9    Dex: 12    Spells: 3/3 levels left

rFire    . . .     SeeInvis .   a - +1 war axe
rCold    . . .     Gourm    .   c - +0 shield
rNeg     . . .     Faith    .   b - +0 scale mail
rPois    .         Spirit   .   (no helmet)
rElec    .         Reflect  .   (no cloak)
rCorr    .         Harm     .   (no gloves)
MR       .....                  (no boots)
Stlth    ..........             (no amulet)
Regen    0.2/turn               (no ring)
MPRegen  0.1/turn               (no ring)

@: slow
A: +LOS, swims, slowness 1, strong legs 1
a: Hop


You were on level 3 of the Dungeon.
You were not hungry.

You visited 1 branch of the dungeon, and saw 3 of its levels.

You collected 121 gold pieces.

Inventory:

Hand Weapons
 a - a +1 war axe (weapon)
Armour
 b - a +0 scale mail (worn)
 c - a +0 shield (worn)
Scrolls
 i - 2 scrolls of immolation {!r}
 j - a scroll of enchant weapon
 k - a scroll of fear {unknown}
 q - 2 scrolls of amnesia {unknown}
Potions
 d - a potion of might
 e - a potion of brilliance {unknown}
 g - a potion of lignification {unknown}
 m - 3 potions of heal wounds {unknown}
 n - 2 potions of mutation {unknown}
 p - 2 potions of curing {unknown}
 r - a potion of cancellation {unknown}
 s - a potion of degeneration {unknown}
Comestibles
 f - 2 bread rations {@e1}
 h - 5 fruits
 l - 11 chunks of flesh {@w0}
 o - a royal jelly


   Skills:
 + Level 5.0 Fighting
 * Level 4.4 Axes
 - Level 3.6 Armour
 - Level 3.2 Shields


You had 3 spell levels left.
You didn't know any spells.

Dungeon Overview and Level Annotations

Branches:
Dungeon (3/15)

Altars:
Ashenzari
Trog


Innate Abilities, Weirdness & Mutations

Shadows flee at your approach. (+LOS)
You can swim through water.
You cover ground slowly.
You can hop short distances.


Message History

The orc wizard casts a spell at you. The magic dart hits you!
The orc wizard hits you but does no damage.
You hit the orc wizard but do no damage.
The orc wizard barely misses you.
You barely miss the orc wizard.
The orc wizard hits you but does no damage.
You block the orc wizard's attack.
You hit the orc wizard.
The orc wizard gestures wildly while chanting.
The orc wizard seems to speed up.
Some of the chunks of flesh in your inventory have rotted away.
You completely miss the orc wizard. The orc wizard hits you with a dagger.
The orc wizard casts a spell.
The orc wizard blinks!
The orc wizard hits you with a dagger.
You slash the orc wizard!
You kill the orc wizard!
Your Fighting skill increases to level 5!
No target in view!
Things that are here:
a dagger; a robe; an orc corpse You butcher the orc corpse.
l - 11 chunks of flesh {@w0} (gained 4)
Things that are here:
a dagger; a robe
Items here: )) [[[ ††† You butcher the orc corpse.
l - 15 chunks of flesh {@w0} (gained 4)
Items here: )) [[[ ÷ †† You butcher the orc corpse.
l - 19 chunks of flesh {@w0} (gained 4)
Items here: )) [[[ ÷ † You start resting.
Some of the chunks of flesh in your inventory have rotted away. x3
s - a glowing red potion Eating one of 12 chunks of flesh {@w0}.
You eat one of the 12 chunks of flesh {@w0}.
You now have 119 gold pieces (gained 4).
You now have 121 gold pieces (gained 2).
You see here 9 bolts.
You open the door.
A goblin comes into view. It is wielding a club.
The goblin shouts!
A goblin is nearby!
A goblin is nearby!
An orc comes into view. It is wielding a club.
There is an open door here.
There are monsters nearby!
The orc shouts!
You block the goblin's attack.
There are monsters nearby!
You slash the goblin!
You kill the goblin!
An orc priest comes into view. It is wielding a hand axe of freezing.
There are monsters nearby!
The orc priest shouts!
Things that are here:
a club; a goblin corpse You closely miss the orc.
The orc completely misses you. The orc closely misses you.
An orc priest comes into view. It is wielding a short sword.
Unknown command.
You hit the orc. The orc hits you but does no damage.
The orc priest invokes the aid of Beogh against you.
Beogh smites you!
You hit the orc.
You kill the orc!
The orc priest looks encouraged for a moment.
Unknown command.
The orc priest closely misses you.
Found an escape hatch in the ceiling.
Things that are here:
a club; an orc corpse Unknown command.
Your shield prevents you from hitting the orc priest.
You block the orc priest's attack.
The orc priest hits you but does no damage.
Unknown command.
You slash the orc priest!
The orc priest calls down the wrath of Beogh upon you.
Beogh smites you!
The orc priest hits you with a hand axe of freezing.
* * * LOW HITPOINT WARNING * * *
The orc priest freezes you.
* * * LOW HITPOINT WARNING * * *
Unknown command.
You closely miss the orc priest. You block the orc priest's attack.
You hit the orc priest but do no damage.
The orc priest hits you with a hand axe of freezing.
* * * LOW HITPOINT WARNING * * *
The orc priest freezes you.
* * * LOW HITPOINT WARNING * * *
You barely miss the orc priest.
The orc priest hits you but does no damage.
You block the orc priest's attack.
You hit the orc priest but do no damage.
The orc priest invokes the aid of Beogh against you.
Pain shoots through your body!
You die...

...... .... ##+####.#
........# ........#
........###### ..
...####......# ....
#######......######......
.......+.....'.)@oo.....<
)#+####(.....#######..##.
.....##......#
.....##......#
.....##.###### .....##.#
.....##.# .....##.#
.....##.#


You could see 2 orc priests.

Vanquished Creatures
  An orc wizard (D:3)
  A gnoll (D:1)
  An adder (D:3)
  4 dart slugs
  2 leopard geckos
  8 orcs (D:3)
  2 giant cockroaches (D:1)
  5 goblins
  7 hobgoblins
  4 jackals
  A ball python (D:1)
  4 bats (D:1)
  3 kobolds
  2 rats (D:1)
45 creatures vanquished.

Notes
Turn   | Place    | Note
-------+----------+-------------------------------------------
     0 | D:1      | Gorglomux the Barachi Fighter began the quest for the Orb.
     0 | D:1      | Reached XP level 1. HP: 18/18 MP: 1/1
    40 | D:1      | Reached XP level 2. HP: 25/25 MP: 2/2
    69 | D:1      | Reached skill level 3 in Axes
   211 | D:1      | Reached skill level 4 in Fighting
   224 | D:1      | Reached XP level 3. HP: 30/30 MP: 3/3
  1224 | D:2      | Found a bloodstained altar of Trog.
  1459 | D:3      | Reached XP level 4. HP: 34/38 MP: 4/4
  1538 | D:3      | Found a shattered altar of Ashenzari.
  1548 | D:3      | Reached skill level 4 in Axes
  1579 | D:3      | Reached skill level 5 in Fighting
  1732 | D:3      | HP: 8/39 [orc priest/hand axe of freezing (2)]
  1736 | D:3      | Killed from afar by an orc priest

Vault maps used:
D:1:      scummos_arrival_star
D:2:      lemuel_doored_altar, first_bread
D:3:      lemuel_zombie_altar_yredelemnul, nicolae_overflow_crystal_walls

Skill      XL: |  1  2  3  4 |
---------------+-------------+-----
Axes           | 3 4 |  4.4
Fighting       | 4 5 |  5.0
Armour         | |  3.6
Shields        | |  3.2

Action                   |  1- 3 |  4- 6 || total
-------------------------+-------+-------++-------
Melee: War axe           |    98 |    38 ||   136
  Use: Scroll            |     2 |       ||     2
  Eat: Chunk             |     3 |     1 ||     4
Armor: Scale mail        |    32 |    10 ||    42
Dodge: Dodged            |    39 |    11 ||    50
Block: Shield            |    63 |    13 ||    76

Vault maps used:
D:1:      scummos_arrival_star
D:2:      lemuel_doored_altar, first_bread
D:3:      lemuel_zombie_altar_yredelemnul, nicolae_overflow_crystal_walls

Table legend:
 A = Turns spent in this place as a percentage of turns spent in the entire game.
 B = Non-inter-level travel turns spent in this place as a percentage of non-inter-level travel turns spent in the entire game.
 C = Inter-level travel turns spent in this place as a percentage of turns spent in this place.
 D = Turns resting spent in this place as a percentage of non-inter-level travel turns spent in this place.
 E = Turns spent auto-exploring this place as a percentage of non-inter-level travel turns spent in this place.
 F = Non-inter-level travel turns spent in this place divided by the number of levels of this place that you've seen.
                   A       B       C       D       E      F
               +-------+-------+-------+-------+-------+----------------------
         Total | 100.0 | 100.0 |   0.4 |   1.2 |  12.4 | 171.7
       Dungeon | 100.0 | 100.0 |   0.4 |   1.2 |  12.4 | 171.7
               +-------+-------+-------+-------+-------+----------------------

Table legend:
 A = Kills in this place as a percentage of kills in entire the game.
 B = Kills by you in this place as a percentage of kills by you in the entire game.
 C = Kills by friends in this place as a percentage of kills by friends in the entire game.
 D = Other kills in this place as a percentage of other kills in the entire game.
 E = Experience gained in this place as a percentage of experience gained in the entire game.
 F = Experience gained in this place divided by the number of levels of this place that you have seen.
                   A       B       C       D       E      F
               +-------+-------+-------+-------+-------+----------------------
         Total | 100.0 | 100.0 |  -nan |  -nan | 100.0 |  54.7
       Dungeon | 100.0 | 100.0 |  -nan |  -nan | 100.0 |  54.7
               +-------+-------+-------+-------+-------+----------------------
